Merlek, lawful female human Valkyrie -----.--- ...i.`$.| |...@q..| |..<....| --------- Merlek the Skirmisher Experience level: 5 Strength: 19 Dexterity: 13 Constitution: 18 Intelligence: 8 Wisdom: 8 Charisma: 9 Health: 0(64) Energy: 9(9) Def: 10 Gold: 276 Moves: 1820 Dungeon seed: 8QtYqgGMrAu1AFXe Game ID: Merlek_1686947522 Your Inventory: Coins $ - 276 gold pieces Amulets g - a cursed amulet of strangulation Weapons a - an uncursed corroded +1 long sword (weapon in hand) b - an uncursed +0 dagger i - an uncursed +0 club p - an uncursed +0 orcish dagger w - a blessed +0 dagger Armor e - a blessed +3 small shield (being worn) q - an uncursed +0 banded mail (being worn) Comestibles j - 2 uncursed lichen corpses r - an uncursed tripe ration s - an uncursed egg u - an uncursed fortune cookie x - 2 uncursed pancakes Scrolls m - an uncursed scroll of fire t - an uncursed scroll of teleportation B - 2 uncursed scrolls of earth D - 3 uncursed scrolls of blank paper E - a cursed scroll of blank paper Spellbooks v - an uncursed spellbook of cancellation Potions f - an uncursed potion of confusion h - an uncursed potion of invisibility o - an uncursed potion of oil Rings A - an uncursed ring of protection from shape changers Wands k - a blessed wand of speed monster (0:2) l - an uncursed wand of slow monster (0:5) C - an uncursed wand of probing (0:4) F - an uncursed wand of cancellation (0:8) Tools d - an uncursed oil lamp (0:1259) Spells and supernatural/magical abilities: Name Level Category Cost Memory W - pray for help -- divine ? -- Your skills at the end: Fighting Skills wands [Basic] Weapon Skills dagger [Basic] long sword [Basic] Spellcasting Skills Final Attributes: You were piously aligned. You were immune to cold. You were stealthy. You were fast. Tyr was noncommittal. You are dead. Vanquished creatures: a rock mole a shrieker a black naga hatchling a paper golem a kitten a kobold lord a dwarf zombie an iguana an acid blob a large kobold a hobgoblin a yellow mold 3 gnomes 5 garter snakes 2 geckos a jackal a fox a goblin 4 sewer rats 4 grid bugs 4 lichens 2 newts 39 creatures vanquished. Voluntary challenges: You were an atheist. You used a wielded weapon 50 times, starting on turn 106. You were illiterate. You never genocided any monsters. You never polymorphed an object. You never changed form. You used no wishes. You never split a pudding. You never wrote Elbereth's name. You never violated your personal moral code. Dungeon overview: The Dungeons of Doom: levels 1 to 7 Level 1 some fountains a long staircase Level 2 Level 3 a fountain, a sink, a vault stairs to The Gnomish Mines Level 4 a fountain Level 5 many fountains Level 6 a fountain stairs to Sokoban Level 7 <- You were here The Gnomish Mines: Level 4 stairs to The Dungeons of Doom Sokoban: levels 4 to 5 Level 4 Unsolved Level 5 Solved stairs to The Dungeons of Doom History has recorded: On T:1 you entered the Dungeons of Doom to retrieve the Amulet of Yendor! On T:356 you reached level 2 of The Dungeons of Doom. On T:552 you reached level 3 of The Dungeons of Doom. On T:553 you advanced to experience level 2. On T:598 you reached level 1 of The Gnomish Mines. On T:664 you advanced to experience level 3. On T:788 you reached level 4 of The Dungeons of Doom. On T:960 you reached level 5 of The Dungeons of Doom. On T:983 you advanced to experience level 4. On T:1026 you reached level 6 of The Dungeons of Doom. On T:1192 you reached level 4 of Sokoban. On T:1551 you advanced to experience level 5. On T:1649 you reached level 3 of Sokoban. On T:1803 you reached level 7 of The Dungeons of Doom. Score breakdown: Gold: 276 ( 8308 points) Experience: 5 levels (11141 points) Exploration: 7 levels ( 14.58%) (10718 points) Discoveries: 3 items ( 1.20%) ( 3286 points) Valuables value: (no points given unless you survive) Artifact value: 0 ( 0 points) Variety of kills: 22 monsters ( 5.79%) ( 7218 points) Turncount: 1820 turns ( 0 points) Survival: died (score multiplied by 80%) Total score: 32536 Latest messages: The rothe bites! The rothe hits! The rothe bites! (2x) The rothe hits! The rothe bites! (2x) The rothe misses. The rothe bites! The rothe misses. You hear a jackal howling at the moon. The rothe hits! The rothe bites! (2x) The rothe misses. The rothe bites! The rothe misses. (4x) The rothe just misses! The rothe bites! (2x) The rothe hits! The rothe misses. The rothe bites! The homunculus bites! You are put to sleep! You die... Final status: Farvel Merlek the Valkyrie, killed by a homunculus, while sleeping... You died in The Dungeons of Doom on dungeon level 7 with 32536 points, and 276 pieces of gold, after 1820 moves. You were level 5 with a maximum of 64 hit points when you died.